 Dungeon Crawl Stone Soup version 0.22.1-1-ga44c0e5 (webtiles) character file.

117231 Zebedee the Severer (level 16, 0/163 HPs)
             Began as a Minotaur Berserker on Sept 30, 2018.
             Was a High Priest of Trog.
             Blown up by an orb spider (38 damage)
             ... with an orb of destruction
             ... on level 3 of the Spider Nest on Oct 1, 2018.
             The game lasted 01:18:16 (27212 turns).

Zebedee the Severer (Minotaur Berserker)           Turns: 27212, Time: 01:18:18

Health: 0/163      AC: 22    Str: 23    XL:     16   Next: 22%
Magic:  19/19      EV: 13    Int:  5    God:    Trog [*****.]
Gold:   2528       SH: 22    Dex: 10    Spells: 15/15 levels left

rFire    . . .     SeeInvis .   B - +3 broad axe (chop)
rCold    + . .     Gourm    .   U - +1 large shield
rNeg     + . .     Faith    +   K - +3 ring mail "Qiann" {rF+ Regen+ Stlth-}
rPois    +         Spirit   .   (helmet restricted)
rElec    .         Reflect  .   z - +2 cloak {+Inv}
rCorr    .         Harm     .   (no gloves)
MR       +....                  P - +2 pair of boots
Stlth    ..........             w - amulet of faith
HPRegen  0.77/turn              N - ring of Gonkyobiw {Ice rPois rN+ Dex-5}
MPRegen  0.16/turn              R - +3 ring of protection

@: berserk cooldown, slowed, very slow
A: retaliatory headbutt, horns 2, slimy green scales 1, robust 1
a: Berserk, Trog's Hand, Brothers in Arms, Renounce Religion, Evoke Invisibility


You were on level 3 of the Spider Nest.
You worshipped Trog.
Trog was extremely pleased with you.
You were very hungry.

You visited 4 branches of the dungeon, and saw 26 of its levels.
You also visited: Labyrinth.

You collected 3612 gold pieces.
You spent 1084 gold pieces at shops.

Inventory:

Hand Weapons
 h - the +0 flail "Edwaeced" {venom, rN+ MR+ Str+3 Dex+2}
   (You found it on level 13 of the Dungeon)

   It poisons the flesh of those it strikes.
   It affects your strength (+3).
   It affects your dexterity (+2).
   It protects you from negative energy.
   It affects your resistance to hostile enchantments.
 y - a +3 antimagic broad axe
 B - a +3 broad axe of chopping (weapon)
 L - a +2 scimitar of flaming
Missiles
 l - 8 tomahawks of dispersal
 S - 2 throwing nets (quivered)
Armour
 z - a +2 cloak of invisibility (worn)
 K - the +3 ring mail "Qiann" (worn) {rF+ Regen+ Stlth-}
   (You found it on level 8 of the Dungeon)

   It protects you from fire.
   It increases your rate of regeneration.
   It makes you less stealthy.
 P - a +2 pair of boots (worn)
 U - a +1 large shield (worn)
Jewellery
 k - an uncursed ring of flight
 w - an amulet of faith (around neck)
 A - an uncursed ring of resist corrosion
 F - an uncursed amulet of the acrobat
 N - the ring of Gonkyobiw (left hand) {Ice rPois rN+ Dex-5}
   (You found it on level 8 of the Dungeon)

   [ring of ice]

   It enhances your ice magic.
   It affects your dexterity (-5).
   It makes you vulnerable to fire.
   It protects you from cold.
   It protects you from poison.
   It protects you from negative energy.
 Q - an uncursed amulet of rage
 R - a +3 ring of protection (right hand)
 W - an uncursed ring of ice
Wands
 p - a wand of paralysis (35)
 q - a wand of scattershot (6)
 E - a wand of digging (18)
 I - a wand of clouds (7)
 J - a wand of iceblast (15)
 Y - a wand of acid (30)
Scrolls
 d - a scroll of summoning
 f - 5 scrolls of magic mapping
 n - 2 scrolls of fog
 o - 4 scrolls of blinking
 t - 9 scrolls of remove curse
 u - a scroll of identify
 x - 7 scrolls of teleportation
 H - 4 scrolls of fear
Potions
 e - 10 potions of heal wounds
 g - a potion of resistance
 i - 11 potions of curing
 m - 3 potions of magic
 r - a potion of mutation
 s - 4 potions of flight
 C - 3 potions of ambrosia
 D - 5 potions of agility
 G - a potion of might {unknown}
 M - 8 potions of haste
 O - 2 potions of cancellation
 T - a potion of berserk rage
 X - a potion of brilliance
Comestibles
 c - 30 rations


   Skills:
 + Level 15.3 Fighting
 + Level 1.2 Long Blades
 + Level 19.6 Axes
 - Level 0.3(13.3) Maces & Flails
 - Level 12.2 Armour
 - Level 9.0 Dodging
 - Level 0.1 Stealth
 + Level 16.3 Shields
 - Level 5.7 Evocations


You had 15 spell levels left.
You didn't know any spells.
Your spell library was empty.

Dungeon Overview and Level Annotations

Branches:
Dungeon (15/15)            Temple (0/1) D:4            Lair (6/6) D:9
  Swamp (0/4) Lair:4       Spider (3/4) Lair:3        Slime (0/5) Lair:6
    Orc (2/2) D:9             Elf (0/3) Orc:2        Vaults (0/5) D:13
 Depths (0/5) D:15

Altars:
Kikubaaqudgha
Makhleb
Nemelex Xobeh
Okawaru
Qazlal
Ru
Sif Muna
Vehumet
Wu Jian
Xom
Beogh
Jiyva

Shops:
D:7 (   D:13 =**}:   Orc:1 :   Orc:2 ?[%(*

Annotations:
D:11 3 runed doors, Alter's ghost, journeyman GrFi; maniek23's ghost, journeyman MiFi
D:13 1 transporter


Innate Abilities, Weirdness & Mutations

You reflexively headbutt those who attack you in melee.
You have a pair of horns on your head.
You are partially covered in slimy green scales. (AC +2)
You are robust. (+10% HP)


Message History

An entropy weaver comes into view.
Your skin stops crawling.
You feel less resistant to hostile enchantments.
The entropy weaver twitches its antennae in your direction.
The orb spider weaves a glowing orb of energy.
You block the wolf spider's attack.
The wolf spider bites you but does no damage.
You hear a distant "Zot"!
You block the tarantella's attack.
The wolf spider hits you but does no damage.
The wolf spider completely misses you.
An orb of destruction comes into view.
You see here a demonic crawler corpse.
You block the wolf spider's attack. x2; The redback bites you.
The wolf spider hits you!
* * * LOW HITPOINT WARNING * * *
The wolf spider barely misses you. The redback bites you.
* * * LOW HITPOINT WARNING * * *
The orb of destruction hits you!
You die...

#. ... .#.... ... .%
...... ## .<.........
..##...... ..
....#......##......... ..
.......#..^...........
..#..... ....##.#........
...^..#..#..#..^...s....#
#..........#....s.§......
....# ....#^.^..@§s.a....
...# ..#......†..s..#...#
#..###..........|........
....###.....$...#.#.....#
†.....^...##......#...#.(
<..†...^....^.....#...# .
..††...[...#^.....#.....
#.#..#.......†..........^
###.#...^.^.###...#.#.#..


You could see an entropy weaver, a wolf spider, an orb spider, a tarantella and
a redback.

Vanquished Creatures
  Jorgrun (Spider:3)
  Kirke (D:12)
  An orc warlord (Orc:1)
  An emperor scorpion (Spider:3)
  An entropy weaver (Spider:1)
  Nessos (Lair:5)
  A minotaur (Lab)
  A dire elephant (Lair:6)
  Snorg (D:10)
  A spark wasp (Spider:2)
  Josephine (Lair:5)
  The ghost of brandon the Bludgeoner, a journeyman MiBe of Trog (Orc:2)
  A fire dragon (D:15)
  A rakshasa (D:15)
  4 hydras
  An ice dragon (Lair:6)
  A catoblepas (Lair:6)
  A vault guard (D:13)
  Erica (Lair:2)
  2 centaur warriors
  3 death yaks (Lair:6)
  6 two-headed ogres
  A tengu warrior (D:13)
  Nergalle (Lair:4)
  A deep elf knight (D:15)
  2 wizards (D:13)
  An unseen horror (D:15)
  4 lindwurms
  2 orc knights
  6 orb spiders
  Pikel (D:5)
  2 necromancers (D:13)
  14 wolf spiders
  A deep elf mage (D:15)
  2 oklob plants (Lair:4)
  9 ugly things
  2 moths of wrath
  A cyclops (D:10)
  A manticore (D:14)
  2 elephants (Lair:6)
  Joseph (D:7)
  2 black mambas (Lair:6)
  Maurice (D:13)
  5 torpor snails
  A gargoyle (D:13)
  16 spiny frogs
  3 centaur skeletons
  A kobold demonologist (D:13)
  4 rime drakes
  5 komodo dragons
  5 demonic crawlers
  A tengu conjurer (D:13)
  11 jumping spiders (Spider:2)
  3 meliai (D:14)
  4 hornets (Lair:6)
  3 trolls
  Grinder (D:3)
  2 tyrant leeches (Lair:6)
  A polar bear (Lair:4)
  Prince Ribbit (D:7)
  21 blink frogs
  7 slime creatures
  12 hippogriffs
  8 dream sheep
  4 wraiths
  3 hogs (D:12)
  3 shadows
  27 redbacks
  42 yaks
  A vampire (D:12)
  11 tarantellas
  10 basilisks
  21 humans
  5 hungry ghosts
  5 vampire mosquitoes
  4 wargs
  A soldier ant (D:11)
  An acid dragon (D:12)
  9 water moccasins
  11 porcupines
  37 orc warriors
  5 ice beasts
  An eye of draining (D:9)
  4 sky beasts
  4 slaves (D:5)
  4 black bears
  2 phantoms
  12 ogres
  A necrophage (D:12)
  6 wolves
  24 centaurs
  16 crocodiles
  A big kobold (D:12)
  14 bullfrogs
  A wyvern zombie (D:11)
  6 scorpions
  A water moccasin skeleton (D:7)
  14 killer bees
  13 wights
  7 howler monkeys
  7 crimson imps
  5 jellies
  13 orc priests
  3 centaur zombies
  5 hounds
  21 orc wizards
  Crazy Yiuf (D:3)
  2 bullfrog skeletons (D:7)
  2 iguanas
  Ijyb (D:5)
  7 worker ants
  A killer bee zombie (D:6)
  A hound zombie (D:9)
  A hound skeleton (D:7)
  3 gnolls (D:8)
  20 adders
  A shadow imp (D:15)
  An ooze (D:5)
  An adder zombie (D:8)
  An adder skeleton (D:6)
  4 worms
  2 dart slugs
  5 leopard geckos
  111 orcs
  3 bats
  4 giant cockroaches
  10 goblins
  7 hobgoblins
  11 jackals
  15 kobolds
  6 quokkas
  7 frilled lizards
  A leopard gecko skeleton (D:4)
  8 rats
  A fungus (Lair:6)
  4 plants
832 creatures vanquished.

Vanquished Creatures (collateral kills)
  An emperor scorpion (Spider:3)
  An ettin (Orc:2)
  Fannar (D:10)
  A rakshasa (D:15)
  A two-headed ogre (Orc:2)
  A glowing orange brain (D:15)
  An orb spider (Spider:3)
  2 ugly things (D:15)
  A cyclops (D:14)
  A slime creature (D:15)
  A torpor snail (Lair:6)
  A queen bee (shapeshifter) (D:15)
  2 tyrant leeches (Lair:6)
  3 hornets (Lair:6)
  A redback (Spider:1)
  A spriggan (shapeshifter) (D:15)
20 creatures vanquished.

Vanquished Creatures (others)
  A human (D:5)
  A jelly (D:12)
  A quokka (D:12)
  5 fungi
  4 plants
  6 withered plants (D:11)
18 creatures vanquished.

Grand Total: 870 creatures vanquished

Notes
Turn   | Place    | Note
-------+----------+-------------------------------------------
     0 | D:1      | Zebedee the Minotaur Berserker began the quest for the Orb.
     0 | D:1      | Reached XP level 1. HP: 19/19 MP: 0/0
    82 | D:1      | Reached XP level 2. HP: 22/27 MP: 1/1
   586 | D:1      | Reached skill level 4 in Axes
  1020 | D:2      | Reached XP level 3. HP: 33/33 MP: 2/2
  1057 | D:2      | Reached ** piety under Trog
  1177 | D:2      | Found an iron altar of Okawaru.
  1723 | D:3      | Reached XP level 4. HP: 41/41 MP: 3/3
  1839 | D:3      | Reached skill level 5 in Axes
  2296 | D:3      | Noticed Grinder
  2310 | D:3      | Killed Grinder
  2310 | D:3      | Reached skill level 5 in Fighting
  2310 | D:3      | Reached skill level 6 in Axes
  2310 | D:3      | Reached XP level 5. HP: 48/48 MP: 4/4
  2310 | D:3      | Reached XP level 6. HP: 56/56 MP: 5/5
  2603 | D:3      | Found a runed door.
  2769 | D:3      | Reached *** piety under Trog
  2866 | D:3      | Noticed Crazy Yiuf
  2869 | D:3      | Killed Crazy Yiuf
  3129 | D:4      | Reached skill level 7 in Axes
  3382 | D:4      | Reached XP level 7. HP: 61/61 MP: 6/6
  3437 | D:4      | Reached skill level 5 in Armour
  4133 | D:4      | Found a shimmering altar of Xom.
  4256 | D:4      | Found an ornate altar of the Wu Jian Council.
  4335 | D:4      | Found a staircase to the Ecumenical Temple.
  4552 | D:5      | Entered Level 5 of the Dungeon
  4597 | D:5      | Noticed Pikel
  4615 | D:5      | Killed Pikel
  4615 | D:5      | Reached skill level 9 in Axes
  4615 | D:5      | Reached XP level 8. HP: 71/71 MP: 7/7
  4733 | D:5      | Noticed Ijyb
  4739 | D:5      | Killed Ijyb
  5035 | D:5      | Reached **** piety under Trog
  5154 | D:5      | Found an ancient bone altar of Kikubaaqudgha.
  5627 | D:6      | Reached skill level 10 in Axes
  6429 | D:7      | Reached XP level 9. HP: 78/79 MP: 8/8
  6441 | D:7      | Found Ilokac's Weapon Boutique.
  6488 | D:7      | Noticed Joseph
  6496 | D:7      | Reached skill level 11 in Axes
  6500 | D:7      | Killed Joseph
  6582 | D:7      | Noticed Prince Ribbit
  6594 | D:7      | Killed Prince Ribbit
  6618 | D:7      | Reached skill level 12 in Axes
  6727 | D:7      | Reached ***** piety under Trog
  6856 | D:7      | Found a sacrificial altar of Ru.
  7347 | D:8      | Reached XP level 10. HP: 91/91 MP: 9/9
  7433 | D:8      | Got a jewelled ring mail
  7444 | D:8      | Identified the +3 ring mail "Qiann" {rF+ Regen+ Stlth-}
                  | (You found it on level 8 of the Dungeon)
  7501 | D:8      | Reached skill level 13 in Axes
  8010 | D:8      | Got an ancient turquoise ring
  8012 | D:8      | Identified the ring of Gonkyobiw {Ice rPois rN+ Dex-5} (You
                  | found it on level 8 of the Dungeon)
  8236 | D:9      | Found a burning altar of Makhleb.
  8266 | D:9      | Reached skill level 10 in Fighting
  8279 | D:9      | Reached skill level 14 in Axes
  8320 | D:9      | Received a gift from Trog
  8331 | D:9      | Reached XP level 11. HP: 45/100 MP: 10/10
  8405 | D:9      | Found a staircase to the Orcish Mines.
  8446 | D:9      | Reached skill level 5 in Dodging
  8562 | D:9      | Reached skill level 10 in Armour
  8726 | D:9      | Found a staircase to the Lair.
  8912 | D:9      | Found a deep blue altar of Sif Muna.
  8912 | D:9      | Found a radiant altar of Vehumet.
  8913 | D:9      | Found a stormy altar of Qazlal.
  9132 | D:10     | Entered Level 10 of the Dungeon
  9150 | D:10     | Noticed Snorg
  9160 | D:10     | Killed Snorg
  9302 | D:10     | Received a gift from Trog
  9308 | D:10     | Reached skill level 15 in Axes
  9484 | D:10     | Noticed a two-headed ogre
  9488 | D:10     | Killed a two-headed ogre
  9529 | D:10     | Noticed Fannar
  9542 | D:10     | Killed Fannar
  9758 | D:10     | Found a roughly hewn altar of Beogh.
 10019 | D:11     | Found a runed gate.
 10019 | D:11     | Found a runed gate.
 10019 | D:11     | Found a runed gate.
 10019 | D:11     | Noticed Alter's ghost (journeyman GrFi)
 10021 | D:11     | Noticed maniek23's ghost (journeyman MiFi)
 10243 | D:11     | Noticed a red ugly thing
 10254 | D:11     | Killed a red ugly thing
 10925 | D:12     | Reached ****** piety under Trog
 10925 | D:12     | Reached XP level 12. HP: 110/110 MP: 11/11
 11049 | D:12     | Noticed Kirke
 11062 | D:12     | Received a gift from Trog
 11067 | D:12     | Killed Kirke
 11067 | D:12     | Reached skill level 16 in Axes
 11399 | D:12     | Noticed a two-headed ogre
 11405 | D:12     | Killed a two-headed ogre
 11793 | D:13     | Found Feuleneq's General Store.
 11811 | D:13     | Bought a +0 cloak of invisibility for 126 gold pieces
 11835 | D:13     | Noticed Maurice
 11844 | D:13     | Killed Maurice
 12166 | D:13     | Found Jocsabb's Gadget Boutique.
 12220 | D:13     | Found Foerchu's Book Shop.
 12334 | D:13     | Found a transporter.
 12345 | D:13     | Got an ichor-stained flail
 12346 | D:13     | Identified the cursed +0 flail "Edwaeced" {venom, rN+ MR+
                  | Str+3 Dex+2} (You found it on level 13 of the Dungeon)
 12453 | D:13     | Noticed a tengu warrior
 12472 | D:13     | Killed a tengu warrior
 12642 | D:13     | Reached skill level 17 in Axes
 12799 | D:13     | Found a gate to the Vaults.
 12799 | D:13     | Noticed a vault guard
 12799 | D:13     | Paralysed by a wizard for 5 turns
 12808 | D:13     | Reached XP level 13. HP: 119/119 MP: 12/12
 12922 | D:13     | Found Asmef's Assorted Antiques.
 12934 | D:13     | Found Kesmomy's Jewellery Emporium.
 12938 | D:13     | Bought a scroll labeled VEGUYG XATA for 29 gold pieces
 12938 | D:13     | Bought a murky dark potion for 26 gold pieces
 13006 | D:13     | Found a sparkling altar of Nemelex Xobeh.
 13571 | D:14     | Received a gift from Trog
 13721 | D:14     | Found a roughly hewn altar of Beogh.
 13830 | D:14     | Received a gift from Trog
 13837 | D:14     | Reached skill level 1 in Shields
 14226 | D:15     | Entered Level 15 of the Dungeon
 14226 | D:15     | Found a labyrinth entrance.
 14231 | D:15     | Noticed a fire dragon
 14240 | D:15     | Killed a fire dragon
 14300 | Lab      | Entered a labyrinth
 15305 | Lab      | Noticed a minotaur
 15321 | Lab      | Killed a minotaur
 15323 | Lab      | Got a transparent ivory ring
 15611 | D:15     | Identified the ring "Heorchen" {rPois Stlth-} (You found it
                  | in a labyrinth)
 15619 | D:15     | Reached skill level 5 in Shields
 16246 | D:15     | Reached XP level 14. HP: 78/133 MP: 13/13
 16262 | D:15     | Found a staircase to the Depths.
 16422 | Lair:1   | Entered Level 1 of the Lair of Beasts
 16628 | Lair:1   | Reached skill level 10 in Shields
 16699 | Lair:1   | Received a gift from Trog
 17021 | Lair:1   | Reached skill level 1 in Evocations
 17411 | Lair:2   | Noticed Erica
 17421 | Lair:2   | Killed Erica
 17608 | Lair:2   | Gained mutation: You are robust. (+10% HP) [potion of
                  | mutation]
 17608 | Lair:2   | Gained mutation: You are partially covered in slimy green
                  | scales. (AC +2) [potion of mutation]
 18228 | Lair:3   | Found a hole to the Spider Nest.
 18901 | Lair:4   | Received a gift from Trog
 19089 | Lair:4   | Found a staircase to the Swamp.
 19116 | Lair:4   | Noticed Nergalle
 19139 | Lair:4   | Killed Nergalle
 19770 | Lair:5   | Noticed Josephine
 19784 | Lair:5   | Killed Josephine
 19907 | Lair:5   | Noticed Nessos
 19928 | Lair:5   | Reached skill level 18 in Axes
 19938 | Lair:5   | Killed Nessos
 20180 | Lair:5   | Got a crystal hunting sling
 20181 | Lair:5   | Identified the +2 hunting sling of Ligiuzan {venom, rN++}
                  | (You found it on level 5 of the Lair of Beasts)
 20658 | Lair:6   | Entered Level 6 of the Lair of Beasts
 20708 | Lair:6   | Found a runed door.
 20731 | Lair:6   | Paralysed by a hornet for 3 turns
 21189 | Lair:6   | Reached XP level 15. HP: 143/152 MP: 17/17
 21320 | Lair:6   | Found a viscous altar of Jiyva.
 21320 | Lair:6   | Found a staircase to the Slime Pits.
 21381 | Lair:6   | Received a gift from Trog
 22169 | Lair:6   | Got a flickering steel ring
 22173 | Lair:6   | Identified the ring "Aheic" {+Fly rF- Dex+8} (You found it
                  | on level 6 of the Lair of Beasts)
 22290 | Lair:6   | Reached skill level 5 in Evocations
 22941 | Orc:1    | Entered Level 1 of the Orcish Mines
 22994 | Orc:2    | Entered Level 2 of the Orcish Mines
 23014 | Orc:2    | Found a roughly hewn altar of Beogh.
 23077 | Orc:2    | Reached skill level 1 in Long Blades
 23078 | Orc:2    | Found a staircase to the Elven Halls.
 23209 | Orc:2    | Received a gift from Trog
 23254 | Orc:2    | Received a gift from Trog
 23563 | Orc:2    | Found Bokeriud's General Store.
 23570 | Orc:2    | Bought a scroll of summoning for 123 gold pieces
 23600 | Orc:2    | Found Cegouwid's Armour Shoppe.
 23600 | Orc:2    | Found Guxeulo's Food Boutique.
 23602 | Orc:2    | Found Kovies's Weapon Shop.
 23604 | Orc:2    | Found Gotoub's Magic Scroll Emporium.
 23616 | Orc:2    | Bought a scroll of acquirement for 780 gold pieces
 23639 | Orc:2    | Found a transporter.
 23640 | Orc:2    | Found a transporter.
 23641 | Orc:2    | Noticed brandon's ghost (journeyman MiBe)
 23666 | Orc:2    | Killed brandon's ghost
 23666 | Orc:2    | Reached skill level 19 in Axes
 23787 | Orc:1    | Noticed an orc warlord
 23806 | Orc:1    | Killed an orc warlord
 24079 | Orc:1    | Found Immusos's Book Emporium.
 24103 | Orc:1    | Reached skill level 15 in Shields
 24359 | Spider:1 | Entered Level 1 of the Spider Nest
 25903 | Spider:2 | Received a gift from Trog
 26336 | Spider:2 | Reached XP level 16. HP: 93/161 MP: 19/19
 27094 | Spider:3 | Reached skill level 15 in Fighting
 27166 | Spider:3 | Noticed Jorgrun
 27190 | Spider:3 | Killed Jorgrun
 27212 | Spider:3 | Blown up by an orb spider

Skill      XL: |  1  2  3  4  5  6  7  8  9 10 11 12 13 14 15 16 |
---------------+-------------------------------------------------+-----
Fighting       | 4 5 6 7 9 10 11 12 14 15 | 15.3
Axes           | 4 6 7 9 10 12 14 15 17 18 19 | 19.6
Armour         | 3 4 6 7 8 9 10 11 12 | 12.2
Dodging        | 4 6 8 9 |  9.0
Shields        | 9 13 15 16 | 16.3
Evocations     | 4 5 |  5.7
Long Blades    | 1 |  1.2
Maces & Flails | |  0.3
Stealth        | |  0.1

Action                   |  1- 3 |  4- 6 |  7- 9 | 10-12 | 13-15 | 16-18 || total
-------------------------+-------+-------+-------+-------+-------+-------++-------
Melee: Hand axe          |    70 |    31 |       |       |       |       ||   101
       Headbutt          |     6 |    17 |    54 |   125 |   296 |    23 ||   521
       War axe           |       |    54 |   262 |   353 |   346 |       ||  1015
       Broad axe         |       |       |       |   181 |   856 |   101 ||  1138
       Battleaxe         |       |       |       |   159 |    18 |       ||   177
       Flail             |       |       |       |       |     2 |       ||     2
       Scimitar          |       |       |       |       |    21 |       ||    21
Invok: Berserk           |       |     2 |     2 |     9 |     9 |     1 ||    23
       Trog's Hand       |       |     1 |     1 |     6 |     8 |     1 ||    17
       Brothers in Arms  |       |       |       |     1 |     7 |     1 ||     9
Evoke: Wand              |       |       |       |     1 |     2 |       ||     3
  Use: Scroll            |       |       |       |    24 |    15 |       ||    39
       Potion            |       |       |       |       |     3 |       ||     3
 Stab: Confused          |       |       |       |     1 |       |       ||     1
       Distracted        |       |       |       |     1 |       |       ||     1
       Petrified         |       |       |       |       |     4 |       ||     4
  Eat: Chunk             |     2 |     4 |    20 |    31 |    45 |     3 ||   105
       Ration            |       |     1 |       |       |     4 |       ||     5
Armor: Animal skin       |     2 |       |       |       |       |       ||     2
       Ring mail         |    17 |    30 |    10 |   241 |   336 |    46 ||   680
       Scale mail        |       |       |    59 |       |       |       ||    59
       Plate armour      |       |       |    62 |     8 |       |       ||    70
       Fire dragon scale |       |       |       |       |     6 |       ||     6
Dodge: Dodged            |    36 |    50 |   115 |   374 |   351 |    35 ||   961
Block: Large shield      |       |       |       |       |   948 |   115 ||  1063
